 Dungeon Crawl Stone Soup version 0.31-a0-319-g4fced400ed (webtiles) character file.

Game seed: 8072606855396472085

290 tilp the Sneak (level 6, -1/46 HPs)
             Began as a Vampire Enchanter on July 18, 2023.
             Slain by a hobgoblin (3 damage)
             ... on level 3 of the Dungeon.
             The game lasted 00:04:16 (2303 turns).

tilp the Sneak (Vampire Enchanter)                  Turns: 2303, Time: 00:04:17

Health: -1/46      AC:  4    Str:  7    XL:     6   Next: 9%
Magic:  10/10      EV: 13    Int: 19    God:
Gold:   182        SH:  0    Dex: 21    Spells: 6/11 levels left

rFire   . . .        a - +2 dagger (flame)
rCold   . . .        (no shield)
rNeg    . . .        m - +0 robe
rPois   .            (no helmet)
rElec   .            (no cloak)
rCorr   .            (no gloves)
SInv    +            e - +1 pair of boots {Fly}
Will    .....        (no amulet)
Stlth   +++          k - +6 ring of dexterity
HPRegen 0.47/turn    (no ring)
MPRegen 0.12/turn

%: no passive effects
@: lethally poisoned (-1 -> -4), flying, very slightly contaminated, healing
quickly, hasted, very quick
A: alive, fangs 3, see invisible, vampiric 2
a: Exsanguinate


You were on level 3 of the Dungeon.
You visited 1 branch of the dungeon, and saw 3 of its levels.

You collected 182 gold pieces.

Inventory:

Hand Weapons
 a - a +2 dagger of flaming (weapon)
 b - a +1 dagger
Missiles
 i - 3 poisoned darts (quivered)
 l - 4 javelins
Armour
 e - a +1 pair of boots of flying (worn)
 m - a +0 robe (worn)
Jewellery
 k - a +6 ring of dexterity (left hand)
Wands
 g - a wand of flame (20)
Potions
 c - a potion of invisibility
 d - 2 potions of brilliance
 n - a potion of resistance {unknown}


   Skills:
 * Level 2.4 Fighting
 * Level 3.3 Short Blades
 + Level 3.0 Dodging
 + Level 5.3 Stealth
 * Level 3.1 Spellcasting
 + Level 5.2 Hexes


You had 6 spell levels left.
You knew the following spells:

 Your Spells              Type           Power      Damage    Failure   Level
a - Ensorcelled Hibernat  Hex/Ice        26%        N/A       8%          2
b - Confusing Touch       Hex            23%        N/A       5%          3

Your spell library contained the following spells:

 Spells                   Type           Power      Damage    Failure   Level
 Tukima's Dance           Hex            23%        N/A       5%          3
 Dazzling Flash           Conj/Hex       26%        N/A       16%         3


Dungeon Overview and Level Annotations

Branches:
Dungeon (3/15)

Altars:


Innate Abilities, Weirdness & Mutations

Your natural rate of healing is accelerated.
You have razor-sharp teeth.
You have supernaturally acute eyesight. (SInv)
You are afflicted with vampirism and can become a bat while bloodless.


Message History

You feel better.
The orc hits you with a +2 dagger of venom.
* * * LOW HITPOINT WARNING * * *
The hobgoblin hits you.
* * * LOW HITPOINT WARNING * * *
Unknown command.
Casting: Ensorcelled Hibernation (safe; 8% risk of failure)
Confirm with . or Enter, or press ? or * to list all spells.
Aiming: Ensorcelled Hibernation (safe; 8% risk of failure)
Press: ? - help, Shift-Dir - straight line, f/p - orc
Aim: an orc, wielding a +2 dagger of venom (chance to affect: 64%)
You miscast Ensorcelled Hibernation.
You are very lightly contaminated with residual magic.
Nothing appears to happen.
The orc hits you with a +2 dagger of venom.
* * * LOW HITPOINT WARNING * * *
You are lethally poisoned!
Unknown command.
Casting: Ensorcelled Hibernation (safe; 8% risk of failure)
Confirm with . or Enter, or press ? or * to list all spells.
Aiming: Ensorcelled Hibernation (safe; 8% risk of failure)
Press: ? - help, Shift-Dir - straight line, f/p - orc
Aim: an orc, wielding a +2 dagger of venom (chance to affect: 64%)
The orc looks drowsy...
* * * LOW HITPOINT WARNING * * *
You feel very sick.
Unknown command.
The helpless orc fails to defend itself.
You stick the orc like a pincushion!!! You burn the orc.
You kill the orc!
* * * LOW HITPOINT WARNING * * *
You feel sick.
Unknown command.
It was a potion of magic.
Magic courses through your body.
* * * LOW HITPOINT WARNING * * *
You feel sick. The hobgoblin closely misses you.
It was a potion of haste.
You feel yourself speed up.
* * * LOW HITPOINT WARNING * * *
You feel sick. The hobgoblin hits you.
You die...

########### # ####
#.. ...... . ..#
#.####..# # #.#
#.#.....####
####.###.......g@.#
#.....†).>.....##.#
#.##.###....)..#
..# #.##.#
#.....).......
#.##.#
###...#.......#
.....#
##.##...........#
..####
#.##.......###.#
### #.###.....##
#.# ##+## #...##
#.#


You could see a hobgoblin.

Vanquished Creatures
  Sigmund (D:1)
  An iguana (D:3)
  2 adders
  3 worms (D:2)
  A dart slug (D:2)
  6 orcs (D:3)
  4 ball pythons
  5 bats
  2 endoplasms (D:2)
  3 giant cockroaches
  5 goblins
  4 hobgoblins
  6 jackals (D:1)
  7 kobolds
  4 quokkas
  8 frilled lizards
  2 rats (D:3)
64 creatures vanquished.

Notes
Turn   | Place    | Note
-------+----------+-------------------------------------------
     0 | D:1      | tilp the Vampire Enchanter began the quest for the Orb.
     0 | D:1      | Reached XP level 1. HP: 13/13 MP: 3/3
   288 | D:1      | Reached XP level 2. HP: 12/20 MP: 5/5
   291 | D:1      | Learned a level 2 spell: Ensorcelled Hibernation
   559 | D:1      | Gained mutation: You are afflicted with vampirism and can
                  | become a bat while bloodless. [Vampire growth]
   559 | D:1      | Reached XP level 3. HP: 21/25 MP: 6/6
   563 | D:1      | Learned a level 3 spell: Confusing Touch
   657 | D:1      | Reached skill level 1 in Fighting
  1181 | D:2      | Reached XP level 4. HP: 31/32 MP: 4/7
  1304 | D:2      | Noticed Sigmund
  1317 | D:1      | HP: 1/32 [kobold/+2 dagger of protection (1)]
  1414 | D:1      | Killed Sigmund
  1415 | D:1      | Reached skill level 5 in Stealth
  1415 | D:1      | Reached skill level 5 in Hexes
  1415 | D:1      | Reached XP level 5. HP: 38/38 MP: 3/9
  2156 | D:3      | Reached XP level 6. HP: 45/45 MP: 10/10
  2302 | D:3      | HP: 2/46 [poisoned by an orc]
  2303 | D:3      | Slain by a hobgoblin

Illustrated notes

Levels and vault maps discovered:
D:1:      minmay_arrival_wavy_path, layout_rooms
D:2:      layout_loops_ring, uniq_sigmund
D:3:      layout_loops_corners

Skill      XL: |  1  2  3  4  5 |
---------------+----------------+-----
Fighting       | 1 2 |  2.4
Short Blades   | 2 3 |  3.3
Stealth        | 5 |  5.3
Spellcasting   | 3 |  3.1
Hexes          | 5 |  5.2
Dodging        | 3 |  3.0

Action                     |  1- 3 |  4- 6 || total
---------------------------+-------+-------++-------
  Melee: Dagger            |   118 |    37 ||   155
         Bite              |    11 |     1 ||    12
         Punch             |     1 |     1 ||     2
   Cast: Ensorcelled Hiber |    11 |    12 ||    23
         Confusing Touch   |       |     1 ||     1
    Use: Scroll            |     2 |     4 ||     6
         Potion            |       |     4 ||     4
   Stab: Sleeping          |    19 |    10 ||    29
         Distracted        |     1 |       ||     1
 Armour: Robe              |    32 |     4 ||    36
  Dodge: Dodged            |    71 |    21 ||    92

Table legend: (Time is in decaauts)
 A = Elapsed time spent in this place.
 B = Non-inter-level travel time spent in this place.
 C = Inter-level travel time spent in this place.
 D = Time resting spent in this place.
 E = Time spent auto-exploring this place.
 F = Levels seen in this place.
 G = Mean time per level.
                   A        B        C        D        E       F      G
               +--------+--------+--------+--------+--------+-----+--------+
         Total |   2286 |   2192 |     94 |    297 |   1366 |   3 |  762.0 |
       Dungeon |   2286 |   2192 |     94 |    297 |   1366 |   3 |  762.0 |
               +--------+--------+--------+--------+--------+-----+--------+

Top non-repeatable levels by time:
     D:1: 1112 daAuts
     D:2: 699 daAuts
     D:3: 474 daAuts
